 Dungeon Crawl Stone Soup version 0.18.1-8-gdd0e5ea (webtiles) character file.

282571 tyvek the Severer (level 19, -16/184 HPs)
             Began as a Minotaur Fighter on May 24, 2016.
             Was the Champion of Okawaru.
             Killed from afar by Jory (61 damage)
             ... with a crystal spear
             ... on level 2 of the Vaults.
             The game lasted 02:08:14 (40780 turns).

tyvek the Severer (Minotaur Fighter)               Turns: 40780, Time: 02:08:14

Health: -16/184    AC: 27    Str: 32    XL:     19   Next: 73%
Magic:  25/25      EV: 15    Int:  5    God:    Okawaru [******]
Gold:   2722       SH: 21    Dex: 12    Spells: 0 memorised, 18 levels left

rFire  + + .     SeeInvis +     l - +1 broad axe "Empuv" {vamp, rN+}
rCold  + . .     Gourm    .     Q - +0 pearl dragon armour {rN+}
rNeg   + + .     Faith    .     X - +2 shield {AC+3}
rPois  +         Spirit   .     C - +0 mask of the Dragon {MR+ Slay+3 SInv}
rElec  .         Dismiss  .     t - +0 cloak {MR+}
rCorr  .         Reflect  +     n - +0 pair of gloves {Dex+3}
SustAt .         Harm     .     P - +0 pair of boots
MR     +++..                    v - +3 amulet of reflection
Stlth  ..........               Z - ring of Iwnota Neph {rPois rF+ rC+}
                                O - +4 ring of strength

@: about to teleport, mesmerised, extremely resistant to hostile enchantments,
extremely unstealthy
A: retaliatory headbutt, horns 2, clumsy 1, fire resistance 1
a: Heroism, Finesse, Renounce Religion
}: 2/15 runes: decaying, serpentine


You were on level 2 of the Vaults.
You worshipped Okawaru.
Okawaru was exalted by your worship.
You were not hungry.

You visited 7 branches of the dungeon, and saw 36 of its levels.
You also visited: Labyrinth and Ossuary.

You collected 4896 gold pieces.
You spent 2174 gold pieces at shops.

Inventory:

Hand Weapons
 a - the +2 broad axe of the Depths {flame, rN+ Stlth+}
   (Okawaru gifted it to you on level 12 of the Dungeon)

   It has been specially enchanted to burn those struck by it, causing extra
   injury to most foes and up to half again as much damage against particularly
   susceptible opponents.
   Big, fiery blades are also staple armaments of hydra-hunters.
   It protects you from negative energy.
   It makes you more stealthy.
 l - the +1 broad axe "Empuv" (weapon) {vamp, rN+}
   (Okawaru gifted it to you on level 4 of the Swamp)

   It inflicts no extra harm, but heals its wielder somewhat when it strikes a
   living foe.
   It protects you from negative energy.
Missiles
 b - 2 throwing nets {=f, !d}
Armour
 n - a +0 pair of gloves of dexterity (worn)
   (Okawaru gifted it to you on level 2 of the Orcish Mines)
 t - a +0 cloak of magic resistance (worn)
   (Okawaru gifted it to you on level 1 of the Snake Pit)
 C - the +0 mask of the Dragon (worn) {MR+ Slay+3 SInv}
   (You bought it in a shop on level 2 of the Orcish Mines)

   It affects your accuracy and damage with ranged weapons and melee attacks
   (+3).
   It affects your resistance to hostile enchantments.
   It lets you see invisible.
 P - a +0 pair of boots (worn)
   (You found it on level 7 of the Dungeon)
 Q - a +0 pearl dragon armour (worn) {rN+}
   (Okawaru gifted it to you on level 15 of the Dungeon)
 X - a +2 shield of protection (worn)
   (You found it on level 3 of the Lair of Beasts)
Rods
 y - a +7 lightning rod (10/10)
   (You took it off a minotaur in a labyrinth)
 N - a +1 rod of ignition (9/9) {!a}
   (You took it off an orc on level 10 of the Dungeon)
Jewellery
 v - a +3 amulet of reflection (around neck)
   (You bought it in a shop on level 2 of the Orcish Mines)
 O - a +4 ring of strength (left hand)
   (You found it on level 1 of the Swamp)
 Z - the ring of Iwnota Neph (right hand) {rPois rF+ rC+}
   (You found it on level 1 of the Vaults)

   [ring of protection from fire]

   It protects you from fire.
   It protects you from cold.
   It protects you from poison.
Wands
 i - a wand of teleportation (2/9)
   (You took it off a minotaur in a labyrinth)
 j - a wand of heal wounds (3/9)
   (You bought it in a shop on level 15 of the Dungeon)
 w - a wand of lightning (11/15)
   (You took it off a naga on level 4 of the Snake Pit)
 Y - a wand of digging (18/24)
   (You found it on level 12 of the Dungeon)
Scrolls
 c - 6 scrolls of magic mapping {!r}
 f - 12 scrolls of recharging
 k - 13 scrolls of remove curse
 r - 5 scrolls of identify
 u - 16 scrolls of teleportation
 A - 7 scrolls of immolation {!r}
 B - 13 scrolls of enchant armour
 F - 9 scrolls of fear
 H - 3 scrolls of enchant weapon
 I - a scroll of summoning
 L - a scroll of holy word {!r}
 M - 6 scrolls of blinking {!r}
 W - a scroll of acquirement
Potions
 d - 2 potions of cure mutation {!q}
 e - 6 potions of agility
 h - 6 potions of flight
 m - 16 potions of curing
 o - a potion of ambrosia
 q - 7 potions of brilliance
 s - 5 potions of lignification {!q}
 x - 2 potions of haste
 z - 5 potions of might
 D - 2 potions of heal wounds
 G - 4 potions of cancellation
 J - a potion of invisibility
 K - 3 potions of resistance
 R - a potion of berserk rage {!q}
Miscellaneous
 p - a fan of gales
   (You found it on level 2 of the Swamp)
Comestibles
 g - 19 chunks of flesh {@w0}
 E - a beef jerky
 S - 18 meat rations {@e2}
 T - 8 royal jellies


   Skills:
 + Level 19.9 Fighting
 + Level 20.6 Axes
 + Level 19.4 Armour
 + Level 9.8 Dodging
 - Level 17.8 Shields
 - Level 10.0 Invocations


You had 18 spell levels left.
You didn't know any spells.

Dungeon Overview and Level Annotations

Branches:
Dungeon (15/15)            Temple (1/1) D:5            Lair (8/8) D:11
  Swamp (4/4) Lair:6        Snake (4/4) Lair:3        Slime (0/6) Lair:8
    Orc (2/2) D:12            Elf (0/3) Orc:2        Vaults (2/5) D:14
  Crypt (0/3) Vaults:2     Depths (0/5) D:15

Altars:
Ashenzari
Cheibriados
Dithmenos
Elyvilon
Fedhas
Gozag
Kikubaaqudgha
Makhleb
Nemelex Xobeh
Okawaru
Pakellas
Qazlal
Ru
Sif Muna
Trog
Vehumet
Xom
Yredelemnul
Zin
The Shining One
Lugonu

Shops:
D:7 *   D:15 (?}(}   Orc:2 ([*=   Vaults:2 (

Annotations:
Vaults:2 Jory


Innate Abilities, Weirdness & Mutations

You reflexively headbutt those who attack you in melee.
You have a pair of horns on your head.
You are clumsy. (Dex -2)
Your flesh is heat resistant.


Message History

Okawaru accepts your kill.
No target in view!
No target in view!
Some of the chunks of flesh in your inventory have rotted away.
The ironheart preserver shouts!
The deep elf demonologist shouts!
The deep elf mage shouts!
Jory shouts!
The ironheart preserver is too close now for your liking.
There is an open door here.
You hit the ironheart preserver.
The ironheart preserver casts a spell.
The ironheart preserver begins to accept its allies' injuries.
You barely miss the ironheart preserver.
The deep elf demonologist shouts!
You block the ironheart preserver's attack.
You slash the deep elf demonologist! You headbutt the deep elf demonologist.
You hit the ironheart preserver.
The deep elf demonologist hits you but does no damage.
You barely miss the deep elf demonologist.
Your headbutt misses the deep elf demonologist.
You slice the ironheart preserver!!
You block the ironheart preserver's attack.
The deep elf demonologist hits you but does no damage.
You slice the ironheart preserver!! You headbutt the ironheart preserver!
You hit the deep elf demonologist. You hit the ironheart preserver.
Your headbutt misses the ironheart preserver.
You barely miss the deep elf demonologist.
The ironheart preserver mumbles some strange words.
The ironheart preserver is healed somewhat.
The deep elf demonologist casts a spell.
You barely miss the ironheart preserver.
Your headbutt misses the ironheart preserver.
You slash the deep elf demonologist!
The ironheart preserver casts a spell.
The ironheart preserver is healed somewhat.
You slash the ironheart preserver! You headbutt the ironheart preserver!
You hit Jory but do no damage.
The ironheart preserver closely misses you.
You slash the ironheart preserver!
You kill the ironheart preserver!
Okawaru accepts your kill.
You hit Jory.
The tormentor calls on the powers of darkness!
The deep elf demonologist convulses! x2; The deep elf mage convulses!
Your body is wracked with pain!
The deep elf demonologist gestures wildly while chanting.
You take 72 damage, and have 112/184 hp.
MASSIVE DAMAGE!!
You block the tormentor's attack. x2
Jory mumbles some strange words.
Jory attempts to bespell you!
You are mesmerised by Jory!
The deep elf demonologist casts a spell.
The deep elf demonologist mumbles some strange words.
You slice the tormentor!! You miss the deep elf demonologist.
You hit Jory but do no damage.
The tormentor calls on the powers of darkness!
The deep elf demonologist convulses!
The deep elf mage convulses!
Your body is wracked with pain!
The deep elf demonologist convulses!
Jory hits you with a great mace of crushing!!
* * * LOW HITPOINT WARNING * * *
x2 You block Jory's attack.
The deep elf demonologist gestures wildly while chanting.
The deep elf demonologist hits you but does no damage.
You take 74 damage, and have 38/184 hp.
MASSIVE DAMAGE!!
Drink which item? (? for menu, Esc to quit)
Okay, then.
You feel much better.
This wand has 4 charges left.
The tormentor closely misses you. You block the tormentor's attack.
The deep elf mage casts a spell.
The smoke demon gestures at you. Something smites you!
* * * LOW HITPOINT WARNING * * *
Jory hits you but does no damage. Jory bites you but does no damage.
The tormentor closely misses you. x2
The deep elf demonologist casts a spell.
The blizzard demon waves its arms in wide circles.
The air twists around and strikes you!
* * * LOW HITPOINT WARNING * * *
You regained 3 hp, and now have 41/184 hp.
Read which item? (? for menu, Esc to quit)
As you read the scroll of teleportation, it crumbles to dust.
You feel strangely unstable. You block the tormentor's attack.
The tormentor hits you but does no damage.
You block the tormentor's attack. The tormentor barely misses you.
The deep elf demonologist gestures wildly while chanting.
The deep elf demonologist barely misses you.
You block the blizzard demon's attack.
The blizzard demon hits you but does no damage.
You feel much better.
This wand has 3 charges left.
The tormentor calls on the powers of darkness!
The deep elf demonologist convulses!
The deep elf mage convulses!
Your body is wracked with pain!
* * * LOW HITPOINT WARNING * * *
The deep elf demonologist convulses!
Jory points at you and mumbles some strange words.
The crystal spear hits you!
You die...

######################
......................
.......................
...........}...........
.......3...............
.#####2######.........
#...@VeE4..#.........
#..22ee3...#.........
#..414.....#.........
#....E.....#.........
#....##....#.........
#....# ....#.........
#..... ....#.........
#..... ...#.........
#.........


You could see Jory, an Ice Fiend, a blizzard demon, 2 deep elf demonologists, 2
earth elementals, an ice devil, a rust devil, a deep elf mage, a smoke demon, 2
tormentors, a chaos spawn and a red devil.

Vanquished Creatures
  the Lernaean hydra (Swamp:4)
  Rupert (D:14)
  Asterion (Vaults:1)
  An ancient champion (Vaults:2)
  8 greater nagas (Snake:4)
  3 thorn hunters
  Kirke (Swamp:3)
  An orc warlord (Orc:2)
  A curse skull (Vaults:2)
  5 vault wardens (Vaults:1)
  The ghost of Nanomashoes the Bludgeoner, a journeyman FoFi of Okawaru (Lair:6)
  A stone giant (Orc:2)
  3 ironheart preservers
  5 very ugly things (Vaults:1)
  The ghost of Grivan the Grappler, a journeyman TrAM of Cheibriados (Lair:6)
  A deep elf demonologist (Vaults:2)
  A vampire knight (Vaults:2)
  A dire elephant (D:15)
  The ghost of donath the Fighter, a journeyman OpAs of Dithmenos (Lair:6)
  2 fire dragons
  4 vault guards
  A minotaur (Lab)
  An ice dragon (Vaults:2)
  5 yaktaur captains
  26 hydras
  A ghost crab (shapeshifter) (D:14)
  A rakshasa (Vaults:1)
  7 anacondas
  14 naga warriors
  A catoblepas (D:14)
  3 ghost crabs
  Erica (D:8)
  9 alligators
  3 centaur warriors
  4 death knights
  A queen ant (Lair:2)
  An ogre mage (Vaults:2)
  A dancing weapon (Orc:2)
  4 death yaks
  Urug (D:15)
  4 orc high priests (Orc:2)
  Sonja (Lair:2)
  5 shock serpents
  9 naga sharpshooters
  The ghost of elNano the Covert, a novice NaAs of Cheibriados (D:9)
  2 deep elf knights (Vaults:2)
  A wizard (Vaults:1)
  6 skeletal warriors (D:14)
  A shadow wraith (Vaults:1)
  2 salamander mystics
  A giant orange brain (Vaults:1)
  4 hill giants
  3 shambling mangroves
  3 unseen horrors
  An anubis guard (shapeshifter) (Vaults:2)
  10 swamp dragons
  An obsidian statue (Vaults:1)
  5 ironbrand convokers (Vaults:1)
  3 phantasmal warriors
  14 naga ritualists
  Pikel (D:6)
  A wolf spider zombie (D:14)
  4 griffons
  A deep elf archer (D:14)
  9 orc knights
  5 wolf spiders
  3 hornets
  7 deep elf magi
  3 cyclopes
  5 orc sorcerers
  2 oklob plants
  2 manticores
  26 ugly things
  21 mana vipers
  27 slime creatures
  Maurice (D:11)
  12 elephants
  9 salamanders
  32 black mambas
  Joseph (D:7)
  9 guardian serpents
  26 naga magi
  A torpor snail (Lair:7)
  19 spiny frogs
  5 vault sentinels (Vaults:1)
  4 gargoyles
  7 centaur skeletons
  3 rime drakes
  9 komodo dragons
  3 kobold demonologists (Vaults:1)
  16 yaktaurs
  5 freezing wraiths
  2 spriggan druids (Lair:8)
  10 giant leeches
  4 trolls
  3 two-headed ogres
  6 polar bears (Lair:8)
  9 blink frogs
  A minotaur skeleton (Lab)
  13 bog bodies
  2 boulder beetles
  24 spriggans
  6 redbacks (Lair:8)
  5 shadows
  2 tarantellas (shapeshifter)
  A flying skull (Vaults:2)
  Sigmund (D:3)
  2 vampires
  4 wraiths
  2 wyverns
  A fire elemental (Lair:6)
  47 yaks
  2 fire bats (Lair:6)
  A human (shapeshifter) (D:15)
  A hog (Swamp:3)
  Eustachio (D:4)
  A basilisk (shapeshifter) (Vaults:2)
  4 hungry ghosts
  4 basilisks
  9 hippogriffs
  14 vampire mosquitoes
  18 swamp worms
  5 wargs
  78 nagas
  13 soldier ants (Lair:2)
  An insubstantial wisp (Swamp:4)
  33 water moccasins
  11 swamp drakes
  30 orc warriors
  14 porcupines
  2 ice beasts
  3 black bears (Lair:8)
  An eye of draining (D:10)
  3 phantoms
  18 wasps
  17 ogres
  5 sky beasts
  4 boggarts (Vaults:1)
  39 wolves
  15 crocodiles
  18 centaurs
  2 big kobolds
  19 giant frogs
  10 jellies
  3 scorpions
  19 killer bees
  14 wights
  5 howler monkeys
  3 crimson imps
  6 centaur zombies
  2 giant frog zombies
  5 human zombies (D:7)
  2 quasits
  2 giant frog skeletons
  11 hounds
  23 orc priests
  Natasha (thrice) (D:3)
  A gnoll shaman (D:7)
  4 iguanas
  33 orc wizards
  A statue (D:8)
  44 worker ants
  A big kobold zombie (Ossuary)
  An ogre zombie (D:7)
  A hound zombie (D:11)
  11 mummies
  Robin (D:3)
  A howler monkey zombie (D:6)
  2 worker ant zombies
  13 gnolls
  A howler monkey skeleton (D:7)
  38 river rats
  36 adders
  2 shadow imps
  6 oozes
  3 adder skeletons
  3 adder zombies
  2 worms
  2 dart slugs
  3 giant geckos
  91 orcs
  3 giant cockroaches
  16 goblins
  8 hobgoblins
  17 jackals
  17 kobolds
  7 quokkas
  6 bats
  2 giant newts
  3 hobgoblin zombies (Ossuary)
  A jackal skeleton (D:4)
  2 kobold zombies (Ossuary)
  4 orc zombies
  A quokka skeleton (D:7)
  9 rats
  11 briar patches (Swamp:3)
  2 bushes (D:14)
  6 fungi
  5 plants
1545 creatures vanquished.

Vanquished Creatures (others)
  A vault guard (Vaults:1)
  A centaur warrior (D:14)
  3 naga sharpshooters
  4 yaktaurs (Vaults:1)
  3 humans (Swamp:3)
  A naga (Snake:4)
  A swamp worm (Swamp:3)
  An ice beast (D:14)
  3 slaves (D:6)
  3 centaurs
  2 giant frogs (D:7)
  A hound (D:7)
  2 orc wizards (D:7)
  A worker ant (D:6)
  An adder (D:6)
  An adder skeleton (D:7)
  4 orcs
  A jackal (D:7)
  A bat (D:2)
  A jackal skeleton (D:6)
  15 fungi
  7 plants
58 creatures vanquished.

Grand Total: 1603 creatures vanquished

Notes
Turn   | Place    | Note
--------------------------------------------------------------
     0 | D:1      | tyvek the Minotaur Fighter began the quest for the Orb.
     0 | D:1      | Reached XP level 1. HP: 19/19 MP: 0/0
    64 | D:1      | Reached XP level 2. HP: 22/27 MP: 1/1
   142 | D:1      | Reached skill level 3 in Axes
   225 | D:1      | Reached skill level 4 in Armour
   818 | D:1      | Reached skill level 4 in Shields
   818 | D:1      | Reached XP level 3. HP: 32/33 MP: 2/2
   898 | D:1      | Reached skill level 4 in Fighting
   898 | D:1      | Reached XP level 4. HP: 33/40 MP: 3/3
  1191 | D:2      | HP: 10/40 [poisoned by an adder]
  1199 | D:2      | HP: 9/40 [poisoned by an adder]
  1530 | D:2      | Reached skill level 4 in Axes
  1729 | D:3      | Noticed Robin
  1730 | D:3      | Found a shattered altar of Ashenzari.
  1733 | D:3      | Reached XP level 5. HP: 28/47 MP: 4/4
  1739 | D:3      | Killed Robin
  1902 | D:3      | HP: 11/47 [poisoned by kobold (curare-tipped needle)]
  1909 | D:3      | HP: 10/47 [poisoned by kobold (curare-tipped needle)]
  1917 | D:3      | HP: 9/47 [poisoned by kobold (curare-tipped needle)]
  2222 | D:3      | Noticed Sigmund
  2234 | D:3      | Killed Sigmund
  2234 | D:3      | Reached skill level 5 in Fighting
  2234 | D:3      | Reached skill level 5 in Axes
  2234 | D:3      | Reached skill level 5 in Armour
  2234 | D:3      | Reached skill level 5 in Shields
  2234 | D:3      | Reached XP level 6. HP: 38/56 MP: 5/5
  2344 | D:3      | Noticed Natasha
  2350 | D:3      | Killed Natasha
  2461 | D:3      | Noticed Natasha
  2465 | D:3      | Killed Natasha
  2703 | D:3      | Noticed Natasha
  2707 | D:3      | Killed Natasha
  2834 | D:4      | Reached XP level 7. HP: 49/61 MP: 6/6
  3086 | D:4      | Reached skill level 6 in Axes
  3439 | D:4      | Noticed Eustachio
  3464 | D:4      | Killed Eustachio
  3464 | D:4      | Reached skill level 6 in Fighting
  3464 | D:4      | Reached skill level 6 in Shields
  3602 | D:4      | Reached skill level 7 in Axes
  3743 | D:5      | Entered Level 5 of the Dungeon
  3761 | D:5      | Reached skill level 6 in Armour
  3769 | D:5      | Found a sand-covered staircase.
  3777 | Ossuary  | Entered an ossuary
  3798 | Ossuary  | Reached XP level 8. HP: 49/70 MP: 7/7
  4695 | D:5      | Found a burning altar of Makhleb.
  4695 | D:5      | Noticed a balrug
  4704 | D:5      | Reached skill level 8 in Axes
  5087 | D:5      | Reached skill level 7 in Fighting
  5154 | D:5      | Found a staircase to the Ecumenical Temple.
  5163 | Temple   | Entered the Ecumenical Temple
  5194 | Temple   | Became a worshipper of Warmaster Okawaru
  5353 | D:6      | Noticed Pikel
  5367 | D:6      | Killed Pikel
  5367 | D:6      | Reached skill level 7 in Armour
  5367 | D:6      | Reached skill level 7 in Shields
  5367 | D:6      | Reached skill level 1 in Invocations
  5367 | D:6      | Reached XP level 9. HP: 74/79 MP: 7/9
  5550 | D:6      | Reached skill level 2 in Invocations
  5591 | D:6      | Reached skill level 9 in Axes
  5597 | D:6      | Reached * piety under Okawaru
  5616 | D:6      | HP: 17/80 [orc priest/divine providence (16)]
  6028 | D:6      | Reached skill level 8 in Shields
  6054 | D:6      | Found a shattered altar of Ashenzari.
  6130 | D:6      | Reached skill level 8 in Fighting
  6150 | D:6      | Reached skill level 8 in Armour
  6588 | D:7      | Reached skill level 3 in Invocations
  6674 | D:7      | Reached ** piety under Okawaru
  6783 | D:7      | Found an ancient bone altar of Kikubaaqudgha.
  6870 | D:7      | Reached XP level 10. HP: 76/90 MP: 11/11
  6921 | D:7      | Found Vuest's General Store.
  6963 | D:7      | Found a shimmering altar of Xom.
  6994 | D:7      | Reached skill level 4 in Invocations
  7028 | D:7      | Reached skill level 10 in Axes
  7045 | D:7      | Found a shadowy altar of Dithmenos.
  7068 | D:7      | Noticed Joseph
  7081 | D:7      | Killed Joseph
  7081 | D:7      | Reached *** piety under Okawaru
  7081 | D:7      | Reached skill level 9 in Fighting
  7090 | D:7      | Reached skill level 9 in Shields
  7217 | D:7      | Reached skill level 9 in Armour
  7363 | D:7      | Found a deep blue altar of Sif Muna.
  7363 | D:7      | Found a glowing silver altar of Zin.
  7680 | D:8      | Found a sparkling altar of Nemelex Xobeh.
  7751 | D:8      | Noticed Erica
  7766 | D:8      | Killed Erica
  7766 | D:8      | Reached **** piety under Okawaru
  7953 | D:8      | Found a radiant altar of Vehumet.
  8138 | D:8      | Reached skill level 5 in Invocations
  8602 | D:9      | Noticed elNano's ghost (novice NaAs)
  8645 | D:9      | Killed elNano's ghost
  8645 | D:9      | Reached ***** piety under Okawaru
  8658 | D:9      | Reached XP level 11. HP: 70/99 MP: 14/14
  8661 | D:9      | Found a blossoming altar of Fedhas.
  8894 | D:9      | Reached skill level 10 in Fighting
  8894 | D:9      | Reached skill level 10 in Armour
  9062 | D:9      | Reached skill level 10 in Shields
  9064 | D:9      | Reached skill level 11 in Axes
  9128 | D:9      | Found an oddly glowing altar of Pakellas.
  9426 | D:10     | Entered Level 10 of the Dungeon
 10009 | D:10     | Reached skill level 6 in Invocations
 10448 | D:10     | Identified a +1 rod of ignition (9/9) {!a} (You took it off an orc on level 10 of the Dungeon)
 10662 | D:10     | Noticed a hill giant
 10671 | D:10     | Killed a hill giant
 10671 | D:10     | Received a gift from Okawaru
 10968 | D:11     | Noticed a deep elf mage
 11184 | D:11     | Gained mutation: Your flesh is heat resistant. [potion of beneficial mutation]
 11471 | D:11     | Found a staircase to the Lair.
 11473 | D:11     | Killed a deep elf mage
 11473 | D:11     | Reached skill level 11 in Fighting
 11518 | D:11     | Got a faintly humming ring mail
 11529 | D:11     | Identified the +1 ring mail of Happiness {-Tele *Confuse Int+2 Dex+6} (You took it off an orc priest on level 11 of the Dungeon)
 11578 | D:11     | Reached skill level 11 in Armour
 11701 | D:11     | Noticed Maurice
 11715 | D:11     | Killed Maurice
 11715 | D:11     | Reached skill level 7 in Invocations
 11810 | D:11     | Reached skill level 11 in Shields
 11879 | Lair:1   | Entered Level 1 of the Lair of Beasts
 11937 | Lair:1   | Reached XP level 12. HP: 46/110 MP: 14/16
 12298 | D:12     | Reached ****** piety under Okawaru
 12320 | D:12     | Found a staircase to the Orcish Mines.
 12324 | D:12     | Reached skill level 12 in Axes
 12541 | D:12     | Received a gift from Okawaru
 12542 | D:12     | Got an iridescent broad axe {god gift}
 12543 | D:12     | Identified the +2 broad axe of the Depths {flame, rN+ Stlth+} (Okawaru gifted it to you on level 12 of the Dungeon)
 12549 | Orc:1    | Entered Level 1 of the Orcish Mines
 13177 | Orc:2    | Entered Level 2 of the Orcish Mines
 13179 | Orc:2    | Found a staircase to the Elven Halls.
 13349 | Orc:2    | Found a labyrinth entrance.
 13361 | Lab      | Entered a labyrinth
 13406 | Lab      | Found an exit through the horrors of the Abyss.
 13789 | Lab      | Noticed a minotaur
 13794 | Lab      | Killed a minotaur
 13829 | Lab      | Identified the Incunabulum of Hurtful Displacement
 13922 | Orc:2    | Reached skill level 12 in Armour
 14139 | Orc:2    | Noticed an orc high priest
 14140 | Orc:2    | Noticed an orc high priest
 14190 | Orc:2    | Paralysed by an orc sorcerer for 6 turns
 14198 | Orc:2    | Reached skill level 12 in Shields
 14198 | Orc:2    | Reached skill level 8 in Invocations
 14206 | Orc:2    | HP: 24/112 [orc high priest/halberd (7)]
 14210 | Orc:2    | Killed an orc high priest
 14210 | Orc:2    | Received a gift from Okawaru
 14211 | Orc:2    | Got a transparent ring mail {god gift}
 14219 | Orc:2    | Killed an orc high priest
 14219 | Orc:2    | Reached skill level 12 in Fighting
 14573 | Orc:2    | Noticed an orc warlord
 14609 | Orc:2    | Killed an orc warlord
 14985 | Orc:2    | Noticed a stone giant
 15003 | Orc:2    | HP: 27/112 [stone giant (20)]
 15007 | Orc:2    | Killed a stone giant
 15007 | Orc:2    | Reached XP level 13. HP: 23/118 MP: 10/18
 15545 | Orc:2    | Reached skill level 13 in Axes
 16156 | Orc:2    | Found Taskotsa's Antique Armour Boutique.
 16170 | Orc:2    | Found Heniaf's General Store.
 16170 | Orc:2    | Found Parohama's Jewellery Boutique.
 16172 | Orc:2    | Found Pomear's Antique Weapon Shop.
 16187 | Orc:2    | Bought a +3 amulet of reflection for 325 gold pieces
 16196 | Orc:2    | Bought the +0 mask of the Dragon {MR+ Slay+3 SInv} for 868 gold pieces
 16203 | Orc:2    | Bought a glowing cloak for 117 gold pieces
 16339 | Orc:2    | Received a gift from Okawaru
 16747 | Orc:1    | Reached skill level 9 in Invocations
 17065 | Lair:1   | Found a snail-covered altar of Cheibriados.
 17174 | Lair:1   | Reached skill level 13 in Armour
 17908 | Lair:2   | Noticed Sonja
 17934 | Lair:2   | Killed Sonja
 17934 | Lair:2   | Reached skill level 13 in Shields
 18117 | Lair:2   | Reached skill level 13 in Fighting
 18311 | Lair:2   | Received a gift from Okawaru
 18316 | Lair:2   | Got a bloodstained scale mail {god gift}
 18366 | Lair:2   | Identified the +2 scale mail of Protective Custody {SInv} (Okawaru gifted it to you on level 2 of the Lair of Beasts)
 18906 | Lair:3   | Reached XP level 14. HP: 129/129 MP: 20/20
 19021 | Lair:3   | Found a staircase to the Snake Pit.
 19098 | Lair:3   | Reached skill level 10 in Invocations
 19510 | Lair:4   | Found a stormy altar of Qazlal.
 19521 | Lair:4   | Reached skill level 14 in Axes
 21542 | Lair:6   | Reached skill level 14 in Fighting
 21606 | Lair:6   | Found a staircase to the Swamp.
 21972 | Lair:6   | Noticed Nanomashoes's ghost (journeyman FoFi)
 21973 | Lair:6   | Reached skill level 14 in Shields
 22005 | Lair:6   | Killed Nanomashoes's ghost
 22005 | Lair:6   | Reached skill level 14 in Armour
 22368 | Lair:6   | Noticed donath's ghost (journeyman OpAs)
 22379 | Lair:6   | Noticed Grivan's ghost (journeyman TrAM)
 22385 | Lair:6   | Killed donath's ghost
 22399 | Lair:6   | Killed Grivan's ghost
 22784 | Lair:7   | Received a gift from Okawaru
 22785 | Lair:7   | Got an ancient broad axe {god gift}
 22786 | Lair:7   | Identified the +1 broad axe "Dobel" {chop, rC+} (Okawaru gifted it to you on level 7 of the Lair of Beasts)
 23549 | Lair:8   | Entered Level 8 of the Lair of Beasts
 23656 | Lair:8   | Reached skill level 15 in Axes
 23692 | Lair:8   | Got a coiled pewter ring
 23695 | Lair:8   | Identified the ring of Ruodoy {+Fly SInv} (You found it on level 8 of the Lair of Beasts)
 23742 | Lair:8   | Received a gift from Okawaru
 23797 | Lair:8   | Reached XP level 15. HP: 137/139 MP: 21/21
 24082 | Lair:8   | Found a staircase to the Slime Pits.
 24614 | Lair:8   | Reached skill level 15 in Fighting
 24620 | Lair:8   | Reached skill level 15 in Shields
 25228 | D:12     | Reached skill level 15 in Armour
 25846 | D:12     | Identified a +7 lightning rod (10/10) (You took it off a minotaur in a labyrinth)
 26751 | D:14     | Received a gift from Okawaru
 26755 | D:14     | Reached skill level 16 in Axes
 27095 | D:14     | Noticed Rupert
 27101 | D:14     | Paralysed by Rupert for 5 turns
 27121 | D:14     | Killed Rupert
 27340 | D:14     | HP: 35/143 [freezing wraith[a death knight] (9)]
 27347 | D:14     | HP: 25/143 [skeletal warrior/short sword[a death knight] (12)]
 27907 | D:14     | Found a gate to the Vaults.
 28287 | D:15     | Entered Level 15 of the Dungeon
 28290 | D:15     | Found Gug Gif's Gadget Boutique.
 28297 | D:15     | Reached skill level 16 in Fighting
 28299 | D:15     | Found Sead Woil's Gadget Shop.
 28322 | D:15     | Bought a wand of heal wounds (5/9) for 864 gold pieces
 28343 | D:15     | Reached XP level 16. HP: 151/151 MP: 22/22
 28356 | D:15     | Noticed Urug
 28369 | D:15     | Received a gift from Okawaru
 28376 | D:15     | Killed Urug
 28436 | D:15     | Reached skill level 16 in Shields
 28456 | D:15     | Found Xiusch's Antique Weapon Emporium.
 28513 | D:15     | Reached skill level 16 in Armour
 28562 | D:15     | Found Cicor's Weapon Shop.
 28626 | D:15     | Found Ycaotoexa's Magic Scroll Emporium.
 28730 | D:15     | Found a staircase to the Depths.
 29240 | Swamp:1  | Entered Level 1 of the Swamp
 29772 | Swamp:1  | Reached skill level 17 in Axes
 30053 | Swamp:2  | Noticed a thorn hunter
 30059 | Swamp:2  | Killed a thorn hunter
 30720 | Swamp:3  | Noticed a thorn hunter
 30776 | Swamp:3  | Killed a thorn hunter
 31031 | Swamp:2  | Trevise: Heard you like nets
 31031 | Swamp:2  | tyvek: stfu
 31031 | Swamp:2  | tyvek: nets suck lol
 31031 | Swamp:2  | tyvek: i'm out of them :(
 31031 | Swamp:2  | Trevise: lolol
 31047 | Swamp:1  | Trevise: There's 2
 31078 | Swamp:2  | Trevise: have rune?
 31078 | Swamp:2  | tyvek: nah
 31078 | Swamp:2  | tyvek: I'm gunna think about going 15
 31078 | Swamp:2  | tyvek: ditch Oka once I have decent gear and swap to TSO
 31146 | Swamp:3  | Trevise: Do it
 31146 | Swamp:3  | Received a gift from Okawaru
 31201 | Swamp:3  | Reached skill level 17 in Fighting
 31391 | Swamp:3  | Trevise: have to go home now, bye!
 31488 | Swamp:3  | Noticed a thorn hunter
 31497 | Swamp:3  | Killed a thorn hunter
 31551 | Swamp:3  | Got a steaming leather armour
 31553 | Swamp:3  | Identified the +6 leather armour "Vorphu" {Slay+6} (You found it on level 3 of the Swamp)
 31595 | Swamp:3  | Noticed Kirke
 31607 | Swamp:3  | Killed Kirke
 31972 | Swamp:4  | Entered Level 4 of the Swamp
 31998 | Swamp:4  | Reached skill level 17 in Shields
 32053 | Swamp:4  | Reached XP level 17. HP: 147/161 MP: 23/23
 32555 | Swamp:4  | Reached skill level 18 in Axes
 32560 | Swamp:4  | Reached skill level 17 in Armour
 32573 | Swamp:4  | Received a gift from Okawaru
 32577 | Swamp:4  | Got an encrusted broad axe {god gift}
 32578 | Swamp:4  | Identified the +1 broad axe "Empuv" {vamp, rN+} (Okawaru gifted it to you on level 4 of the Swamp)
 32608 | Swamp:4  | Noticed the 27-headed Lernaean hydra
 32623 | Swamp:4  | Killed the 21-headed Lernaean hydra
 32888 | Swamp:4  | Got a decaying rune of Zot
 33522 | Snake:1  | Entered Level 1 of the Snake Pit
 33840 | Snake:1  | Received a gift from Okawaru
 34435 | Snake:2  | Reached skill level 18 in Fighting
 34553 | Snake:2  | Identified a scroll of acquirement
 34869 | Snake:3  | Reached skill level 1 in Dodging
 34936 | Snake:3  | Reached skill level 2 in Dodging
 35175 | Snake:3  | Reached XP level 18. HP: 95/173 MP: 16/24
 35376 | Snake:3  | Reached skill level 3 in Dodging
 35399 | Snake:3  | Reached skill level 19 in Axes
 36093 | Snake:4  | Entered Level 4 of the Snake Pit
 36100 | Snake:4  | Reached skill level 4 in Dodging
 36154 | Snake:4  | Received a gift from Okawaru
 36545 | Snake:4  | Reached skill level 18 in Armour
 37471 | Snake:4  | Reached skill level 5 in Dodging
 37760 | Snake:4  | Received a gift from Okawaru
 37760 | Snake:4  | Reached skill level 6 in Dodging
 37796 | Snake:4  | Reached skill level 19 in Fighting
 37938 | Snake:4  | Got a serpentine rune of Zot
 38272 | Vaults:1 | Entered Level 1 of the Vaults
 38317 | Vaults:1 | Reached skill level 7 in Dodging
 38335 | Vaults:1 | Received a gift from Okawaru
 38399 | Vaults:1 | Noticed Asterion
 38408 | Vaults:1 | Killed Asterion
 38534 | Vaults:1 | Reached XP level 19. HP: 160/183 MP: 25/25
 38574 | Vaults:1 | Reached skill level 20 in Axes
 38578 | Vaults:1 | Reached skill level 8 in Dodging
 38912 | Vaults:1 | Reached skill level 19 in Armour
 39419 | Vaults:1 | Got a vibrating iron ring
 39421 | Vaults:1 | Identified the ring of Iwnota Neph {rPois rF+ rC+} (You found it on level 1 of the Vaults)
 39568 | Vaults:1 | Received a gift from Okawaru
 39568 | Vaults:1 | Reached skill level 9 in Dodging
 39957 | Vaults:2 | Gained mutation: You are clumsy. (Dex -2) [a shining eye]
 40113 | Vaults:2 | Found Vusmu's Weapon Boutique.
 40483 | Vaults:2 | Noticed Jory
 40490 | Vaults:2 | Noticed a Tzitzimitl
 40493 | Vaults:2 | HP: 29/184 [Jory/great mace of crushing (24)]
 40501 | Vaults:2 | HP: 6/184 [Hell Sentinel/iron shot[an ironheart preserver] (27)]
 40690 | Vaults:2 | Found a staircase to the Crypt.
 40777 | Vaults:2 | HP: 42/184 [Jory/great mace of crushing (27)]
 40780 | Vaults:2 | Killed from afar by Jory

Skill      XL: |  1  2  3  4  5  6  7  8  9 10 11 12 13 14 15 16 17 18 19 |
---------------+----------------------------------------------------------+-----
Axes           | 3 4 5 7 8 9 10 11 12 13 15 16 17 18 19 20 | 20.6
Armour         | 4 5 6 7 8 9 11 12 13 14 15 16 17 18 19 | 19.4
Shields        | 4 5 6 7 8 9 11 12 13 14 15 17 | 17.8
Fighting       | 4 5 6 7 8 9 11 12 13 14 16 17 18 19 | 19.9
Invocations    | 1 3 5 7 8 9 10 | 10.0
Dodging        | 2 7 9 |  9.8

Action                   |  1- 3 |  4- 6 |  7- 9 | 10-12 | 13-15 | 16-18 | 19-21 || total
-------------------------+-------+-------+-------+-------+-------+-------+-------++-------
Melee: War axe           |    67 |   115 |   250 |   177 |       |       |       ||   609
       Headbutt          |     8 |    17 |    84 |   196 |   281 |   439 |   128 ||  1153
       Whip              |       |       |   123 |   653 |       |       |       ||   776
       Broad axe         |       |       |       |   205 |  1315 |  1462 |   411 ||  3393
Invok: Heroism           |       |       |       |     8 |     2 |     3 |     2 ||    15
       Finesse           |       |       |       |     6 |     2 |     3 |     2 ||    13
Evoke: Wand              |       |       |       |     5 |     4 |       |     3 ||    12
  Use: Scroll            |     4 |     8 |    10 |    11 |    10 |    14 |     3 ||    60
       Potion            |       |     1 |     1 |     7 |       |       |     3 ||    12
 Stab: Invisible         |       |       |       |     2 |       |       |       ||     2
       Confused          |       |       |       |       |     1 |       |       ||     1
  Eat: Bread ration      |       |     1 |     1 |     2 |     6 |     3 |     2 ||    15
       Chunk             |       |     2 |     4 |    17 |    15 |     5 |     2 ||    45
       Beef jerky        |       |       |     1 |     1 |     2 |     4 |       ||     8
       Pizza             |       |       |     2 |       |       |     4 |       ||     6
       Meat ration       |       |       |       |     1 |     1 |       |       ||     2
       Royal jelly       |       |       |       |       |       |     4 |       ||     4
Armor: Scale mail        |    44 |    55 |    87 |       |       |       |       ||   186
       Chain mail        |       |       |    25 |   133 |       |       |       ||   158
       Plate armour      |       |       |       |   194 |   462 |     5 |       ||   661
       Pearl dragon armo |       |       |       |       |       |   399 |    75 ||   474
       Leather armour    |       |       |       |       |       |     8 |       ||     8
Dodge: Dodged            |    26 |    33 |    85 |   183 |   208 |   322 |   100 ||   957
Block: Shield            |    63 |    74 |   196 |   575 |  1052 |  1238 |   250 ||  3448
       Reflection        |       |       |       |       |    48 |   143 |    24 ||   215

Vault maps used:
D:1:      dpeg_arrival_brainrot
D:2:      minmay_stone_trees_small, lemuel_old_faithful
D:3:      first_bread, lemuel_tele_altar, uniq_natasha, uniq_sigmund, uniq_robin
D:4:      uniq_eustachio
D:5:      makhleb_altar_promises_db, temple_hall, nicolae_ossuary_entry_giza,
          minmay_crystal_room, minmay_gold_behind_fungi, minmay_misc_feat_roman,
          hangedman_glass_teeth
D:6:      ashenzari_conservatory_becter, uniq_pikel
D:7:      xom_confusion_cloud, overflow_temple_1_default,
          lemuel_mausoleum_altar_kikubaaqudgha, gammafunk_temple_overflow_wave,
          serial_shops, nicolae_shop_crystal, uniq_joseph
D:8:      nemelex_deck, vehumet_statue, uniq_erica
D:9:      fedhas_altar_1, lemuel_crystal_altar
D:10:     hangedman_little_slice_of_home, grunt_ministairs_10,
          grunt_decor_resistance
D:11:     erik_lair_orcish_takeover, uniq_maurice
D:12:     hiddenorc2_lemuel, kennysheep_generic_room_14
D:13:     lemuel_reptile_caves
D:14:     david_vaults_5, minmay_hedge_maze, hangedman_decor_clover_reticule,
          uniq_rupert
D:15:     hangedman_depths_entry_try_elsewhere_first, minmay_misc_feat_x,
          serial_shops, shop, shop, nicolae_shop_statue_plus, shop_fountains,
          nicolae_shop_behind_doors, nrook_guardian_serpent_ordinary, uniq_urug
Temple:   corrupted_temple
Lair:1:   basic_altar, beast_lair_carwin_3, grunt_megastairs_3,
          infiniplex_staircase_pool_2, lemuel_fruit_fields, lemuel_fruit_tree
Lair:2:   zaba_anthell, uniq_sonja
Lair:3:   minmay_snake_entry_guardpost_small, wad_woods_01
Lair:4:   mumra_transporter_accident, lemuel_oklob_altar
Lair:6:   minmay_swamp_entry_worms, minivault_24, bh_autumn_forest_stairs
Lair:8:   minmay_lair_end_enchanted_forest, slime_dummy, serial_bayou_lake_a
Swamp:1:  evilmike_swamp_ruin_house_2
Swamp:2:  evilmike_swamp_ruin_rubble_2, swamp_pool4
Swamp:3:  evilmike_swamp_ruin_house_1, uniq_kirke
Swamp:4:  grunt_swamp_rune_castle
Snake:1:  nicolae_large_snake_swirl
Snake:2:  spider_trap, guppyfry_library_mini
Snake:3:  cheibrodos_snake_ritualist_ritual, nicolae_snake_shapes
Snake:4:  johnstein_snake_rune_scales, nicolae_coiled_stairwell_up
Orc:2:    st_orc_congregation, lab_entry_generic
Vaults:1: vaults_room_octagon, ontoclasm_vaults_chip, nicolae_vaults_little_ls,
          nicolae_vaults_alarming, hangedman_vaults_stretched_pinwheel,
          vaults_room_large_hall, v_misc_8, nicolae_vaults_little_squares_4,
          grunt_vaults_trifunnel, v_pattern_5, grunt_vaults_focal,
          hangedman_vaults_maws, nicolae_vaults_statue_guard,
          vaults_mumra_chevron, v_misc_23, uniq_asterion
Vaults:2: nicolae_vaults_what_the_h, vaults_room_grid, v_misc_17,
          vaults_room_fours, ontoclasm_vaults_claustrophobia,
          nicolae_vaults_stairing_the_circle,
          nicolae_vaults_windows_and_doors_thing, kb_rosetta,
          ontoclasm_vaults_fault, ontoclasm_vaults_bender, v_misc_24,
          ontoclasm_vaults_chip, minmay_crypt_entry_simple_statues,
          serial_shops, shop_fountains, uniq_mara, uniq_jory
Lab:      labyrinth_watery, nicolae_lab_diamond, nicolae_lab_starburst,
          nicolae_lab_flowing_pool, labyrinth_skeletal_remains,
          nicolae_lab_checkerboard, lab_block, lab_fountain
Ossuary:  ossuary_tomb_3

Table legend:
 A = Turns spent in this place as a percentage of turns spent in the entire game.
 B = Non-inter-level travel turns spent in this place as a percentage of non-inter-level travel turns spent in the entire game.
 C = Inter-level travel turns spent in this place as a percentage of turns spent in this place.
 D = Turns resting spent in this place as a percentage of non-inter-level travel turns spent in this place.
 E = Turns spent auto-exploring this place as a percentage of non-inter-level travel turns spent in this place.
 F = Non-inter-level travel turns spent in this place divided by the number of levels of this place that you've seen.
                   A       B       C       D       E      F
               +-------+-------+-------+-------+-------+----------------------
         Total | 100.0 | 100.0 |   0.6 |   1.9 |   9.7 | 353.9
       Dungeon |  37.4 |  37.4 |   0.7 |   2.2 |  10.5 | 335.4
        Temple |   0.1 |   0.1 |   5.3 |   0.0 |  72.2 |  18.0
          Lair |  18.2 |  18.2 |   0.6 |   1.4 |  10.9 | 306.1
         Swamp |  10.4 |  10.4 |   1.1 |   1.8 |   9.8 | 348.2
     Snake Pit |  13.9 |  14.0 |   0.3 |   1.3 |   9.7 | 470.0
  Orcish Mines |   8.7 |   8.7 |   0.3 |   3.5 |   5.1 | 585.5
        Vaults |   8.3 |   8.4 |   0.2 |   1.0 |   8.2 | 561.5
     Labyrinth |   1.9 |   1.9 |   0.0 |   3.1 |   0.0 | 256.0
       Ossuary |   0.9 |   1.0 |   0.0 |   3.9 |  19.5 | 128.0
               +-------+-------+-------+-------+-------+----------------------

Table legend:
 A = Kills in this place as a percentage of kills in entire the game.
 B = Kills by you in this place as a percentage of kills by you in the entire game.
 C = Kills by friends in this place as a percentage of kills by friends in the entire game.
 D = Other kills in this place as a percentage of other kills in the entire game.
 E = Experience gained in this place as a percentage of experience gained in the entire game.
 F = Experience gained in this place divided by the number of levels of this place that you have seen.
                   A       B       C       D       E      F
               +-------+-------+-------+-------+-------+----------------------
         Total | 100.0 | 100.0 |  -nan | 100.0 | 100.0 | 11813.9
       Dungeon |  35.9 |  35.9 |  -nan |  37.5 |  17.3 | 5190.9
          Lair |  21.7 |  22.0 |  -nan |   0.0 |  16.3 | 9140.0
         Swamp |  10.1 |  10.1 |  -nan |   6.2 |  16.1 | 18067.2
     Snake Pit |  14.6 |  14.5 |  -nan |  25.0 |  25.6 | 28777.2
  Orcish Mines |   6.8 |   6.8 |  -nan |   0.0 |   4.1 | 9137.0
        Vaults |   9.5 |   9.3 |  -nan |  31.2 |  19.9 | 44602.0
     Labyrinth |   0.3 |   0.3 |  -nan |   0.0 |   0.6 | 2918.0
       Ossuary |   1.0 |   1.1 |  -nan |   0.0 |   0.0 | 172.0
               +-------+-------+-------+-------+-------+----------------------
